 Dungeon Crawl Stone Soup version 0.27-a0-1548-gf8a67e7463 (webtiles) character file.

Game seed: 14118481040964777475

495 Zonian the Digger (level 4, -3/40 HPs)
             Began as a Troll Earth Elementalist on July 14, 2021.
             Was a Believer of Ru.
             Slain by Duvessa (8 damage)
             ... on level 4 of the Dungeon.
             The game lasted 00:10:23 (4996 turns).

Zonian the Digger (Troll Earth Elementalist)        Turns: 4996, Time: 00:10:23

Health: -3/40      AC:  5    Str: 17    XL:     4   Next: 92%
Magic:  6/6        EV: 10    Int: 13    God:    Ru [**....]
Gold:   188        SH:  0    Dex: 10    Spells: 1/7 levels left

rFire    . . .     SeeInvis .     - Unarmed
rCold    . . .     Faith    .   (no shield)
rNeg     . . .     Spirit   .   g - +1 robe {Archmagi}
rPois    .         Reflect  .   (helmet restricted)
rElec    .         Harm     .   (no cloak)
rCorr    .         Rampage  .   (gloves unavailable)
Will     .....     Archmagi +   (boots unavailable)
Stlth    ++........             (no amulet)
HPRegen  1.13/turn              (no ring)
MPRegen  0.10/turn              (no ring)

@: mighty
A: large, unfitting armour, claws 3, regeneration 1, shaggy fur 1, tough skin 1,
inexperienced 1
a: Renounce Religion


You were on level 4 of the Dungeon.
You worshipped Ru.
Ru was pleased with you.
You visited 1 branch of the dungeon, and saw 4 of its levels.
You also visited: Sewer.

You collected 188 gold pieces.

Inventory:

Hand Weapons
 l - a +2 flail of draining
 p - a +0 lajatang
Missiles
 c - 100 stones
Armour
 b - a +0 robe
 g - a +1 robe of the Archmagi (worn)
 m - a +0 cloak
 t - a +0 troll leather armour {Purgy}
Magical Staves
 n - a staff of earth
Jewellery
 j - a ring of protection from fire
Wands
 f - a wand of polymorph (6)
Scrolls
 a - a scroll of teleportation
 e - 3 scrolls of enchant weapon {unknown}
 h - a scroll of fear {unknown}
 q - a scroll of fog {unknown}
Potions
 d - a potion of brilliance {unknown}
 i - 3 potions of flight
 o - a potion of curing {unknown}
 r - a potion of magic {unknown}
 s - 2 potions of haste {unknown}


   Skills:
 + Level 0.8 Fighting
 + Level 2.5 Dodging
 + Level 1.7 Stealth
 + Level 3.7 Unarmed Combat
 + Level 2.2 Spellcasting
 + Level 0.6 Transmutations
 + Level 4.2 Earth Magic
 + Level 0.1 Evocations


You had one spell level left.
You knew the following spells:

 Your Spells              Type           Power      Damage    Failure   Level
a - Sandblast             Erth           36%        2d10      4%          1
b - Passwall              Tmut/Erth      9%         N/A       14%         2
c - Stone Arrow           Conj/Erth      20%        3d8       30%         3

Your spell library contained the following spells:

 Spells                   Type           Power      Damage    Failure   Level
 Petrify                  Tmut/Erth      11%        N/A       67%         4
 Conjure Ball Lightning   Conj/Air       1%         3x3d6     100%        6
 Discord                  Hex            1%         N/A       100%        8
 Disjunction              Tloc           1%         N/A       100%        8


Dungeon Overview and Level Annotations

Branches:
Dungeon (4/15)              Sewer (visited)
 Temple: D:4-7

Altars:
Ru

Shops:
D:3 (

Annotations:
D:4 Dowan, Duvessa, Eustachio


Innate Abilities, Weirdness & Mutations

You are too large for most types of armour.
You have claws for hands.
Your natural rate of healing is unusually fast.
You are covered in fur. (AC +1)
You have tough skin. (AC +1)
You are somewhat inexperienced. (-2 XL)


Message History

You barely miss the worm.
The worm is moderately wounded.
You mangle Duvessa!!
Duvessa is heavily wounded.
The worm bites you but does no damage.
You closely miss Duvessa.
Duvessa is heavily wounded.
Duvessa hits you with a +0 rapier! The worm closely misses you.
Unknown command.
You barely miss Duvessa.
Duvessa is heavily wounded.
Duvessa barely misses you.
You closely miss Duvessa.
Duvessa is heavily wounded.
Duvessa splashes around in the water.
The worm splashes around in the water.
Unknown command.
You scratch Duvessa.
Duvessa is heavily wounded.
Duvessa hits you with a +0 rapier!
You barely miss Duvessa.
Duvessa is heavily wounded.
Duvessa splashes around in the water.
The worm bites you but does no damage.
You scratch Duvessa but do no damage.
Duvessa is heavily wounded.
Duvessa splashes around in the water.
You claw Duvessa!
Duvessa is almost dead.
Dowan, Brother of Duvessa comes into view.
He is wielding a +0 dagger.
The worm bites you!
* * * LOW HITPOINT WARNING * * *
Duvessa hits you with a +0 rapier!
* * * LOW HITPOINT WARNING * * *
Okay, then.
You barely miss Duvessa.
Duvessa is almost dead.
Duvessa splashes around in the water.
The worm splashes around in the water.
You closely miss Duvessa.
Duvessa is almost dead.
Duvessa hits you with a +0 rapier!
You die...

#### #### ####
###≈≈#####≈.≈#
#...≈≈≈≈≈≈≈..#
#....≈≈≈we≈≈.#
##...####@≈≈##
##......##≈≈#
#........#≈≈#
##.###....#≈≈#
#..# ##...#≈≈#
##.## ##....≈≈
######..#
#.....≈#
.e.....##
#.....##
#####.##


You could see Duvessa and a worm.

Vanquished Creatures
  Purgy (Sewer)
  An ogre (D:4)
  A bullfrog skeleton (D:4)
  Jessica (D:2)
  A scorpion zombie (D:3)
  6 adders
  8 gnolls
  2 river rats (D:3)
  2 worms
  2 dart slugs
  5 orcs
  2 bats (D:2)
  2 endoplasms (D:4)
  3 giant cockroaches
  5 goblins
  7 hobgoblins
  12 jackals
  3 kobolds
  5 quokkas
  6 ball pythons
  6 frilled lizards
  5 rats
86 creatures vanquished.

Notes
Turn   | Place    | Note
-------+----------+-------------------------------------------
     0 | D:1      | Zonian the Troll Earth Elementalist began the quest for the
                  | Orb.
     0 | D:1      | Reached XP level 1. HP: 16/16 MP: 1/1
   443 | D:1      | Reached XP level 2. HP: 21/24 MP: 2/2
   499 | D:1      | Reached skill level 3 in Earth Magic
   873 | D:2      | Noticed Jessica
  1121 | D:2      | Killed Jessica
  1122 | D:2      | Reached skill level 1 in Unarmed Combat
  1122 | D:2      | Reached XP level 3. HP: 31/31 MP: 1/4
  1275 | D:2      | Reached XP level 4. HP: 39/39 MP: 0/5
  1429 | D:2      | Learned a level 2 spell: Passwall
  2200 | D:2      | Reached XP level 5. HP: 45/45 MP: 2/6
  2467 | D:2      | Noticed Terence
  2469 | D:2      | Noticed Terence
  2469 | D:2      | Terence changed into Terence the gnoll
  2474 | D:2      | Killed Terence the gnoll
  3574 | D:3      | Found Xyrod's Antique Weapon Emporium.
  3874 | D:3      | Learned a level 3 spell: Stone Arrow
  4124 | D:3      | Reached skill level 4 in Earth Magic
  4124 | D:3      | Reached XP level 6. HP: 51/54 MP: 6/8
  4225 | D:3      | Found a faded altar of an unknown god.
  4232 | D:3      | Became a worshipper of Ru the Awakened
  4238 | D:3      | Gained mutation: You are somewhat inexperienced. (-2 XL)
                  | [Ru sacrifice]
  4238 | D:3      | Reached XP level 5. HP: 46/46 MP: 7/7
  4238 | D:3      | Reached XP level 4. HP: 40/40 MP: 6/6
  4238 | D:3      | Reached * piety under Ru
  4238 | D:3      | Reached ** piety under Ru
  4584 | D:4      | Noticed Duvessa
  4592 | D:4      | Noticed Eustachio
  4619 | D:4      | Found a glowing drain.
  4630 | Sewer    | Entered a sewer
  4905 | Sewer    | Noticed Purgy
  4922 | Sewer    | Killed Purgy
  4994 | D:4      | Noticed Dowan
  4996 | D:4      | Slain by Duvessa

Illustrated notes

Levels and vault maps discovered:
D:1:      lemuel_arrival_cross, layout_basic
D:2:      layout_basic, grunt_decor_junction, kennysheep_cross_room,
          uniq_terence, uniq_jessica
D:3:      layout_basic, dreamdust_ecumenical_altar_hidden_monk_grotto,
          serial_shops, shop, gup_sewer_entry_spiral
D:4:      layout_basic, cheibrodos_sewer_entry_bend, uniq_duvessa,
          uniq_eustachio

Skill      XL: |  1  2  3  4  5 |
---------------+----------------+-----
Earth Magic    | 3 4 |  4.2
Dodging        | 2 |  2.5
Unarmed Combat | 1 3 |  3.7
Spellcasting   | 2 |  2.2
Fighting       | |  0.8
Stealth        | |  1.7
Transmutations | |  0.6
Evocations     | |  0.1

Action                   |  1- 3 |  4- 6 || total
-------------------------+-------+-------++-------
Melee: Unarmed           |    84 |   184 ||   268
       Punch             |       |     2 ||     2
 Cast: Sandblast         |     6 |    21 ||    27
Invok: Sacrifice Experie |       |     1 ||     1
Evoke: Wand              |       |     2 ||     2
  Use: Potion            |       |     3 ||     3
       Scroll            |       |     4 ||     4
 Stab: Sleeping          |     1 |     4 ||     5
       Distracted        |       |     1 ||     1
Armor: Robe              |    20 |    59 ||    79
Dodge: Dodged            |    45 |   119 ||   164

Table legend: (Time is in decaauts)
 A = Elapsed time spent in this place.
 B = Non-inter-level travel time spent in this place.
 C = Inter-level travel time spent in this place.
 D = Time resting spent in this place.
 E = Time spent auto-exploring this place.
 F = Levels seen in this place.
 G = Mean time per level.
                   A        B        C        D        E       F      G
               +--------+--------+--------+--------+--------+-----+--------+
         Total |   5050 |   4950 |    100 |   2087 |   1895 |   5 | 1010.0 |
       Dungeon |   4676 |   4576 |    100 |   1861 |   1895 |   4 | 1169.0 |
         Sewer |    374 |    374 |      0 |    226 |      0 |   1 |  374.0 |
               +--------+--------+--------+--------+--------+-----+--------+

Top non-repeatable levels by time:
     D:2: 2236 daAuts
     D:3: 1045 daAuts
     D:1: 1041 daAuts
   Sewer: 374 daAuts
     D:4: 353 daAuts
